 Dungeon Crawl Stone Soup version 0.30-a0-672-gc3a7216ad8 (webtiles) character file.

Game seed: 3629023465315705121

508 Dittersdorf the Covered (level 7, -5/44 HPs)
             Began as a Gargoyle Fighter on Jan 18, 2023.
             Killed by divine providence
             ... invoked by an orc priest
              (13 damage)
             ... on level 5 of the Dungeon.
             The game lasted 00:04:07 (2969 turns).

Dittersdorf the Covered (Gargoyle Fighter)          Turns: 2969, Time: 00:04:07

Health: -5/44      AC: 14    Str: 22    XL:     7   Next: 18%
Magic:  7/7        EV:  7    Int:  8    God:
Gold:   189        SH:  6    Dex: 21    Spells: 6/6 levels left

rFire   . . .      SeeInvis .    a - +0 flail
rCold   . . .      Faith    +    c - +0 buckler
rNeg    + . .      Spirit   .    q - +0 chain mail
rPois   ∞          Reflect  .    (no helmet)
rElec   +          Harm     .    (no cloak)
rCorr   .          Rampage  .    (no gloves)
Will    .....                    (no boots) Stlth
                                 n - amulet of faith
HPRegen 0.27/turn                p - +6 ring of dexterity
MPRegen 0.10/turn                r - +6 ring of dexterity

@: no status effects
A: sickness immunity, AC +4, negative energy resistance 1, electricity
resistance, torment resistance 1, petrification resistance
a: no special abilities


You were on level 5 of the Dungeon.
You visited 1 branch of the dungeon, and saw 4 of its levels.

You collected 189 gold pieces.

Inventory:

Hand Weapons
 a - a +0 flail (weapon)
Missiles
 b - 6 poisoned darts (quivered)
Armour
 c - a +0 buckler (worn)
 q - a +0 chain mail (worn)
Jewellery
 n - an amulet of faith (around neck)
 p - a +6 ring of dexterity (left hand)
 r - a +6 ring of dexterity (right hand)
Wands
 t - a wand of digging (6)
 u - a wand of paralysis (3)
Scrolls
 e - 4 scrolls of teleportation {unknown}
 g - a scroll of enchant weapon {unknown}
 i - 5 scrolls of identify {unknown}
 j - 2 scrolls of torment {unknown}
 k - a scroll of amnesia {unknown}
 m - a scroll of poison {unknown}
Potions
 d - 3 potions of might
 f - a potion of degeneration {unknown}
 h - a potion of magic {unknown}
 l - 6 potions of curing {unknown}
 o - 2 potions of mutation {unknown}
 s - a potion of haste {unknown}


   Skills:
 + Level 5.2 Fighting
 + Level 4.0 Maces & Flails
 + Level 5.2 Armour
 + Level 5.2 Shields


You had 6 spell levels left.
You didn't know any spells.
Your spell library contained the following spells:

 Spells                   Type           Power      Damage    Failure   Level
 Hailstorm                Conj/Ice       0%         3d3       100%        3
 Tukima's Dance           Hex            0%         N/A       100%        3
 Ice Form                 Ice/Tmut       0%         N/A       100%        4
 Passage of Golubria      Tloc           0%         N/A       100%        4
 Yara's Violent Unravell  Hex/Tmut       0%         3d3       100%        5
 Simulacrum               Ice/Necr       0%         N/A       100%        6


Dungeon Overview and Level Annotations

Branches:
Dungeon (5/15)
 Temple: D:4-7

Altars:
Cheibriados

Shops:
D:1 (


Innate Abilities, Weirdness & Mutations

You are immune to sickness and miasma.
Your stone body is resilient. (AC +4)
You are immune to poison.
You resist negative energy. (rN+)
You are resistant to electric shocks. (rElec)
You are resistant to unholy torment.
You are immune to petrification.


Message History

You block the adder's attack.
You closely miss the adder.
The adder is heavily wounded.
You block the adder's attack.
The orc priest casts a cantrip, but nothing happens.
You sock the adder!
You kill the adder!
You closely miss the scorpion. You block the scorpion's attack.
The orc priest closely misses you.
The scorpion stings you but does no damage.
You closely miss the scorpion. You block the orc priest's attack.
The scorpion stings you but does no damage.
You hit the scorpion.
The scorpion is lightly wounded.
The scorpion stings you but does no damage.
The orc priest invokes the aid of Beogh against you.
Beogh smites you!
* * * LOW HITPOINT WARNING * * *
The scorpion closely misses you. The orc priest barely misses you.
You sock the scorpion!
The scorpion is heavily wounded.
The scorpion stings you but does no damage.
The orc priest hits you but does no damage.
The scorpion stings you but does no damage.
An orc comes into view. It is wielding a +0 club.
The orc shouts!
You hear a shout! x2
You block the scorpion's attack.
You see here a +0 hand axe.
The scorpion attacks as you move away!
The scorpion stings you but does no damage.
The orc priest invokes the aid of Beogh against you.
Beogh smites you!
* * * LOW HITPOINT WARNING * * *
The scorpion closely misses you. The scorpion attacks as you move away!
The scorpion stings you but does no damage.
You block the scorpion's attack.
The orc priest invokes the aid of Beogh against you.
Beogh smites you!
You die...

#.........../.## #...##.#
###..............####...##.#
#....#########o#..).....##.#
#......#######o####oo..###.######
#........^.....#####...#.........
#....†.#####.....# #...#.........
#......#####....s###...#.........
.......†...........o...>....†....
#......#####....@#######....†....
.......# #.....# #.....†<..
.......# #.....# #.......>.
.......# ##.....#######.........
)....... .............so......†..
######## #####################s..
#).. #... ....


You could see a scorpion, an orc priest and 2 orcs.

Vanquished Creatures
  2 scorpions (D:5)
  A howler monkey (D:5)
  A hound (D:5)
  An orc priest (D:5)
  2 iguanas (D:5)
  2 orc wizards (D:3)
  7 gnolls
  3 adders
  A shadow imp (D:5)
  A worm (D:3)
  A dart slug (D:3)
  14 orcs
  6 ball pythons
  3 bats (D:1)
  6 endoplasms
  3 giant cockroaches (D:1)
  6 goblins
  2 hobgoblins (D:1)
  3 jackals (D:2)
  4 quokkas (D:1)
  2 frilled lizards (D:1)
  2 kobolds (D:2)
  6 rats
79 creatures vanquished.

Notes
Turn   | Place    | Note
-------+----------+-------------------------------------------
     0 | D:1      | Dittersdorf the Gargoyle Fighter began the quest for the
                  | Orb.
     0 | D:1      | Reached XP level 1. HP: 14/14 MP: 1/1
   124 | D:1      | Reached XP level 2. HP: 19/19 MP: 2/2
   407 | D:1      | Reached XP level 3. HP: 20/23 MP: 3/3
   483 | D:1      | Found Cumaxeod's Weapon Shoppe.
   621 | D:2      | Found a faded altar of an unknown god.
   744 | D:1      | Reached XP level 4. HP: 27/29 MP: 4/4
  1761 | D:3      | Reached XP level 5. HP: 13/33 MP: 5/5
  2120 | D:3      | Found a snail-covered altar of Cheibriados.
  2525 | D:3      | Reached XP level 6. HP: 37/39 MP: 6/6
  2611 | D:3      | You fall into a shaft and drop 2 floors!
  2611 | D:5      | Entered Level 5 of the Dungeon
  2612 | D:5      | yay!
  2896 | D:5      | Reached skill level 5 in Fighting
  2896 | D:5      | Reached skill level 5 in Armour
  2896 | D:5      | Reached skill level 5 in Shields
  2914 | D:5      | Reached XP level 7. HP: 42/44 MP: 7/7
  2969 | D:5      | Killed from afar by an orc priest

Illustrated notes

.........
#........
#........
#........
#........
#........
#........
#@.......
#.......>
#........
#.####.#.
#.# # ...
... ...


Turn 2612 on D:5: yay!

Levels and vault maps discovered:
D:1:      amcnicky_arrival_flooded_fountain, layout_rooms, serial_shops, shop,
          st_stairs_4
D:2:      layout_loops_corners, shapermc_ecumenical_altar_mp_highgroup,
          grunt_decor_mini_mirrors
D:3:      layout_basic, mainiacjoe_overflow_24_doors
D:5:      layout_basic

Skill      XL: |  1  2  3  4  5  6 |
---------------+-------------------+-----
Fighting       | 4 5 |  5.2
Armour         | 4 5 |  5.2
Shields        | 4 5 |  5.2
Maces & Flails | 3 4 |  4.0

Action                   |  1- 3 |  4- 6 |  7- 9 || total
-------------------------+-------+-------+-------++-------
Melee: Flail             |    97 |   181 |    16 ||   294
Throw: Dart              |       |     5 |       ||     5
Armor: Scale mail        |    66 |    38 |       ||   104
       Chain mail        |       |    65 |    19 ||    84
Dodge: Dodged            |    48 |    63 |    11 ||   122
Block: Buckler           |    30 |    48 |    11 ||    89

Table legend: (Time is in decaauts)
 A = Elapsed time spent in this place.
 B = Non-inter-level travel time spent in this place.
 C = Inter-level travel time spent in this place.
 D = Time resting spent in this place.
 E = Time spent auto-exploring this place.
 F = Levels seen in this place.
 G = Mean time per level.
                   A        B        C        D        E       F      G
               +--------+--------+--------+--------+--------+-----+--------+
         Total |   3057 |   2964 |     93 |    347 |   1852 |   4 |  764.2 |
       Dungeon |   3057 |   2964 |     93 |    347 |   1852 |   4 |  764.2 |
               +--------+--------+--------+--------+--------+-----+--------+

Top non-repeatable levels by time:
     D:2: 1031 daAuts
     D:3: 927 daAuts
     D:1: 726 daAuts
     D:5: 372 daAuts
